 Dungeon Crawl Stone Soup version 0.32-a0-43-g058985b245 (webtiles) character file.

Game seed: 4712799872050600255

6684 Ceno the Covert (level 10, -12/59 HPs)
             Began as a Vampire Enchanter on Feb 4, 2024.
             Was a Priest of Kikubaaqudgha.
             Mangled by a yak (16 damage)
             ... on level 9 of the Dungeon.
             The game lasted 00:50:18 (12889 turns).

Ceno the Covert (Vampire Enchanter)                Turns: 12889, Time: 00:50:20

Health: -12/59     AC:  5    Str:  7    XL:     10   Next: 73%
Magic:  0/16       EV: 15    Int: 22    God:    Kikubaaqudgha [***...]
Gold:   582        SH:  0    Dex: 15    Spells: 2/17 levels left

rFire   . . .        B - +2 dagger (venom)
rCold   + + .        (no shield)
rNeg    + + +        b - +0 robe
rPois   ∞            (no helmet)
rElec   .            x - +0 cloak
rCorr   .            g - +0 pair of gloves
SInv    +            n - +0 pair of boots
Will    ++...        (no amulet)
Stlth   ++++++       N - ring of willpower
HPRegen 0.00/turn    M - ring of flight
MPRegen 0.15/turn

%: no passive effects
@: animating dead, flying, bloodless, inhibited regen
A: bloodless, fangs 3, see invisible, vampiric 2
a: Bat Form, Revivify, Renounce Religion, Unearth Wretches


You were on level 9 of the Dungeon.
You worshipped Kikubaaqudgha.
Kikubaaqudgha was most pleased with you.
You visited 2 branches of the dungeon, and saw 10 of its levels.

You collected 582 gold pieces.

Inventory:

Hand Weapons
 B - a +2 dagger of venom (weapon)
 D - a +0 long sword
 H - a +0 scimitar
Missiles
 d - 85 stones (quivered)
 v - 11 poisoned darts
 z - a throwing net
 J - 6 curare-tipped darts
Armour
 b - a +0 robe (worn)
 g - a +0 pair of gloves (worn)
 n - a +0 pair of boots (worn)
 x - a +0 cloak (worn)
 L - the +0 ring mail "Geenass" {rN+}
   (You found it on level 7 of the Dungeon)

   rN+:       It protects you from negative energy.
Jewellery
 q - a ring of poison resistance
 u - an amulet of guardian spirit
 G - a ring of positive energy
 M - a ring of flight (right hand)
 N - a ring of willpower (left hand)
Wands
 t - a wand of charming (14)
 y - a wand of acid (13)
Scrolls
 e - 3 scrolls of immolation
 f - 2 scrolls of poison
 h - a scroll of torment {unknown}
 l - a scroll of teleportation
 o - 2 scrolls of fog {unknown}
 p - a scroll of vulnerability
 w - a scroll of blinking {unknown}
 C - a scroll of amnesia {unknown}
 F - a scroll of silence
 I - 3 scrolls of revelation
 Q - 2 scrolls of butterflies {unknown}
 S - a scroll of brand weapon {unknown}
Potions
 a - 2 potions of haste
 c - 3 potions of invisibility
 i - a potion of cancellation
 j - 5 potions of enlightenment
 k - a potion of mutation {unknown}
 m - a potion of ambrosia {unknown}
 r - 4 potions of heal wounds
 s - a potion of lignification {unknown}
 A - a potion of resistance {unknown}
 E - a potion of attraction {unknown}
 K - a potion of berserk rage {unknown}
 O - a potion of might {unknown}
 P - a potion of curing {unknown}
 R - a potion of magic {unknown}


   Skills:
 + Level 5.5 Fighting
 - Level 1.1(4.2) Short Blades
 + Level 6.0(6.1) Long Blades
 + Level 7.1 Dodging
 - Level 10.0 Stealth
 - Level 4.0 Spellcasting
 - Level 10.0 Hexes
 + Level 9.1 Necromancy


You had 2 spell levels left.
You knew the following spells:

 Your Spells              Type           Power      Damage    Failure   Level
a - Ensorcelled Hibernat  Hex/Ice        52%        N/A       2%          2
b - Confusing Touch       Hex            48%        N/A       1%          3
c - Tukima's Dance        Hex            48%        N/A       1%          3
d - Dazzling Flash        Conj/Hex       52%        N/A       4%          3
e - Animate Dead          Necr           44%        N/A       2%          4

Your spell library contained the following spells:

 Spells                   Type           Power      Damage    Failure   Level
 Necrotise                Necr           100%       1d9       1%          1
 Sublimation of Blood     Necr           44%        N/A       1%          2
 Cigotuvi's Dreadful Rot  Necr/Alch/Air  34%        N/A       4%          2
 Sandblast                Erth           8%         2d5       11%         1
 Sting                    Conj/Alch      16%        1d4       11%         1
 Mercury Vapours          Alch/Air       8%         N/A       17%         2
 Dispel Undead            Necr           44%        3d17      2%          4
 Curse of Agony           Necr           44%        N/A       7%          5
 Martyr's Knell           Necr/Summ      24%        N/A       17%         4
 Passwall                 Erth           4%         N/A       32%         3
 Stone Arrow              Conj/Erth      8%         3d7       32%         3
 Death Channel            Necr           22%        N/A       36%         6
 Borgnjor's Vile Clutch   Necr/Erth      12%        N/A       43%         5
 Brom's Barrelling Bould  Conj/Erth      4%         2d3       73%         4
 Olgreb's Toxic Radiance  Alch           4%         N/A       73%         4


Dungeon Overview and Level Annotations

Branches:
Dungeon (9/15)             Temple (1/1) D:4
   Lair: D:8-11         Orc: D:9-12

Altars:
Ashenzari
Cheibriados
Dithmenos
Fedhas
Gozag
Hepliaklqana
Kikubaaqudgha
Makhleb
Nemelex Xobeh
Okawaru
Qazlal
Ru
Sif Muna
Trog
Uskayaw
Vehumet
Wu Jian
Xom

Shops:
D:7 !*=**

Annotations:
D:6 3 runed translucent doors, BigPumpCobain's ghost, novice MiBe; CougarLife's ghost, novice MiFi; ggggg's ghost, novice MiMo; lunkers's ghost, novice OnBe; yleetSyT's ghost, novice FoAr
D:9 exclusion: orange demon


Innate Abilities, Weirdness & Mutations

You do not regenerate when monsters are visible.
You are frail without blood (-20% HP).
You can heal yourself when you bite living creatures.
You are immune to poison.
You have razor-sharp teeth.
You have supernaturally acute eyesight. (SInv)
You are afflicted with vampirism and can become a bat while bloodless.


Message History

Confirm with . or Enter, or press ? or * to list all spells.
You call upon the dead to rise.
The yak closely misses you. The yak gores you.
You hit the yak but do no damage.
The yak is poisoned.
You bite the yak, but do no damage. The yak misses you.
The yak closely misses you.
You hit the yak but do no damage.
The yak looks as sick as possible!
The yak gores you! The yak barely misses you.
You hit the yak.
The yak looks as sick as possible!
The yak is lightly wounded.
You hit the yak.
The yak looks as sick as possible!
Your bite misses the yak.
The yak is lightly wounded.
The yak is no longer blind.
The yak gores you!
You hit the yak.
The yak looks as sick as possible!
The yak is moderately wounded.
The yak gores you.
Casting: Animate Dead (dangerous; 2% risk of failure)
Confirm with . or Enter, or press ? or * to list all spells.
Casting: Dazzling Flash (dangerous; 4% risk of failure)
Press: ? - help, Dir - look around, f - activate The yak is dazzled. x2
You catch the helpless yak completely off-guard!
You bite the yak, and draw its blood!
You feel better.
You impale the yak!!
The yak is poisoned.
You bite the yak.
The yak is heavily wounded.
The yak completely misses you. The yak gores you.
Your magical contamination has completely faded away.
You hit the yak.
The yak looks as sick as possible!
The yak is severely wounded.
The yak bellows!
You hit the yak but do no damage.
The yak is severely wounded.
The yak gores you!
* * * LOW HITPOINT WARNING * * *
You barely miss the yak. You bite the yak, but do no damage.
The yak is severely wounded.
The yak is no longer blind. x2; The yak gores you!
* * * LOW HITPOINT WARNING * * *
The yak gores you!
You die...
Kikubaaqudgha rasps: "You have failed me!
Welcome... oblivion!"

......# #...##...........###....
.................................
####+########.###############....
.# #.### # +.# #.### #+#.#
###############.... #..
#.....#Y................. #.#
##+##.....YY#############..## #..
#...#.....#Y@..............##
#.#+#...#+#.#####).............##
#.#.......#Y'...+........).....##
#.###...#####...#####............
#'#.'.Y.'.#.Y.....#.'.###########
#'#.#####.#'#...#+#.###....... #
#.....#.....#...#.....#....... #
#..Y..+.....##+##.....'....... #
#.....#.....#...#.....#..##### #


You could see 4 yaks.

Vanquished Creatures
  A kobold demonologist (D:9)
  Grinder (D:5)
  11 yaks
  A wyvern (D:9)
  Duvessa (D:7)
  3 water moccasins
  A sky beast (D:6)
  2 orc warriors
  An ogre (D:5)
  6 centaurs
  A phantom (D:4)
  A kobold brigand (D:6)
  4 bullfrogs
  3 gnoll sergeants
  5 scorpions
  5 wights
  Dowan (D:7)
  5 killer bees (D:8)
  An electric eel (D:8)
  2 howler monkeys
  3 bombardier beetles
  3 orc priests
  A jelly (D:4)
  Crazy Yiuf (D:5)
  A sleepcap (D:5)
  2 iguanas
  7 orc wizards
  14 gnolls
  10 adders
  2 white imps
  2 dart slugs
  27 orcs
  2 bats (D:2)
  7 endoplasms
  A giant cockroach (D:1)
  8 goblins
  7 hobgoblins
  10 jackals
  15 kobolds
  2 quokkas
  2 ball pythons
  4 frilled lizards
  7 rats
194 creatures vanquished.

Vanquished Creatures (collateral kills)
  3 orc warriors
  2 centaurs
  A bullfrog (D:8)
  3 wights (D:7)
  A killer bee (D:8)
  An electric eel (D:8)
  3 orc priests
  A jelly (D:8)
  5 gnolls
  11 orcs
31 creatures vanquished.

Vanquished Creatures (others)
  12 dancing weapons
  A yak zombie (D:8)
  4 killer bee zombies (D:8)
  6 orc zombies (D:7)
23 creatures vanquished.

Grand Total: 248 creatures vanquished

Notes
Turn   | Place    | Note
-------+----------+-------------------------------------------
     0 | D:1      | Ceno the Vampire Enchanter began the quest for the Orb.
     0 | D:1      | Reached XP level 1. HP: 13/13 MP: 3/3
   163 | D:1      | Found a faded altar of an unknown god.
   553 | D:1      | Reached XP level 2. HP: 19/19 MP: 5/5
   556 | D:1      | Learned a level 2 spell: Ensorcelled Hibernation
  1539 | D:2      | Gained mutation: You are afflicted with vampirism and can
                  | become a bat while bloodless. [Vampire growth]
  1539 | D:2      | Reached XP level 3. HP: 19/19 MP: 1/7
  1557 | D:1      | Learned a level 3 spell: Confusing Touch
  1639 | D:2      | Reached skill level 5 in Stealth
  2282 | D:2      | Reached skill level 5 in Hexes
  2848 | D:3      | Learned a level 3 spell: Tukima's Dance
  3129 | D:3      | Reached XP level 4. HP: 24/24 MP: 8/8
  3662 | D:4      | Found a staircase to the Ecumenical Temple.
  3671 | D:4      | Reached XP level 5. HP: 28/28 MP: 8/10
  3677 | D:4      | Learned a level 3 spell: Dazzling Flash
  3678 | Temple   | Entered the Ecumenical Temple
  3690 | Temple   | Became a worshipper of Kikubaaqudgha
  4101 | D:4      | Found a bloodstained altar of Trog.
  4103 | D:4      | Found a blossoming altar of Fedhas.
  4661 | D:3      | Reached skill level 1 in Necromancy
  5050 | D:5      | Entered Level 5 of the Dungeon
  5050 | D:5      | Noticed a phantom
  5163 | D:5      | Noticed a centaur
  5171 | D:5      | Killed a centaur
  5172 | D:5      | Reached XP level 6. HP: 24/32 MP: 2/12
  5465 | D:5      | Reached * piety under Kikubaaqudgha
  5465 | D:5      | Received a gift from Kikubaaqudgha
  5885 | D:5      | Reached XP level 7. HP: 31/36 MP: 9/13
  6459 | D:5      | Noticed Grinder
  6481 | D:5      | Killed Grinder
  6531 | D:5      | Found a runed translucent door.
  6532 | D:5      | Noticed Crazy Yiuf
  6540 | D:5      | Killed Crazy Yiuf
  6541 | D:5      | Reached XP level 8. HP: 41/41 MP: 7/14
  6856 | D:6      | Reached skill level 5 in Necromancy
  6876 | D:6      | Reached skill level 10 in Stealth
  7244 | D:5      | Reached skill level 10 in Hexes
  7398 | D:6      | Found a runed translucent gate.
  7398 | D:6      | Found a runed translucent gate.
  7398 | D:6      | Found a runed translucent gate.
  7400 | D:6      | Noticed BigPumpCobain's ghost (novice MiBe)
  7400 | D:6      | Noticed CougarLife's ghost (novice MiFi)
  7459 | D:6      | Found an iron altar of Okawaru.
  7459 | D:6      | Found a snail-covered altar of Cheibriados.
  7857 | D:6      | Reached skill level 1 in Fighting
  7857 | D:6      | Reached skill level 1 in Long Blades
  7861 | D:6      | Reached ** piety under Kikubaaqudgha
  7941 | D:6      | Found a shimmering blue altar of Sif Muna.
  8229 | D:6      | Noticed lunkers's ghost (novice OnBe)
  8229 | D:6      | Noticed yleetSyT's ghost (novice FoAr)
  8488 | D:6      | Noticed ggggg's ghost (novice MiMo)
  8519 | D:7      | Reached XP level 9. HP: 48/48 MP: 15/15
  8615 | D:7      | Identified the +0 ring mail "Geenass" {rN+}
  8628 | D:7      | Found Kyqod's Assorted Antiques.
  8751 | D:7      | Learned a level 4 spell: Animate Dead
  8798 | D:7      | Found Xiyssiv's Distillery.
  9117 | D:6      | Reached skill level 5 in Dodging
  9155 | D:7      | Found Plog's Jewellery Shoppe.
  9390 | D:7      | Noticed Dowan
  9426 | D:7      | Noticed Duvessa
  9430 | D:7      | Killed Dowan
  9443 | D:7      | Killed Duvessa
  9531 | D:7      | Found Tauf Tun's Assorted Antiques.
  9562 | D:7      | Found Gegugowk's General Store.
  9824 | D:7      | Found a hide-covered altar of Uskayaw.
  9979 | D:6      | Reached XP level 10. HP: 54/56 MP: 5/16
 10284 | D:7      | Reached *** piety under Kikubaaqudgha
 10284 | D:7      | Received a gift from Kikubaaqudgha
 10854 | D:8      | Reached skill level 5 in Long Blades
 11129 | D:8      | Reached skill level 5 in Fighting
 11781 | D:9      | Noticed an orange demon
 12539 | D:9      | Reached **** piety under Kikubaaqudgha
 12889 | D:9      | Mangled by a yak

Illustrated notes

Levels and vault maps discovered:
D:1:      hellmonk_arrival_library, layout_loops_corners,
          hellmonk_ecumenical_altar_blasted
D:2:      layout_basic, minmay_puff
D:3:      layout_basic, serial_corexii_hall, corexii_hall_statues_l,
          corexii_hall_statues_i, chequers_hall_statues_corner_a
D:4:      layout_basic, nicolae_overflow_hidden_temple,
          minmay_temple_entry_proselytizer
D:5:      layout_cave_pools, uniq_crazy_yiuf_cottage, uniq_grinder
D:6:      layout_gridville, nicolae_overflow_two_pavilions, led_sif_book,
          gammafunk_ghost_cemetery
D:7:      layout_basic, mainiacjoe_overflow_chevrons, serial_shops, shop,
          nicolae_shop_gaudy_bauble, shop_fountains, shop, shop,
          minmay_starry_boxes, uniq_duvessa
D:8:      layout_rooms, serial_bayou_lake_a
D:9:      nicolae_cairo_tiling_large, layout_stronghold, uniq_amaemon
Temple:   nicolae_temple_great_sept

Skill      XL: |  1  2  3  4  5  6  7  8  9 10 |
---------------+-------------------------------+-----
Stealth        | 5 6 7 9 10 | 10.0
Hexes          | 5 6 7 8 10 | 10.0
Spellcasting   | 3 4 |  4.0
Necromancy     | 1 2 4 6 8 9 |  9.1
Fighting       | 1 4 5 |  5.5
Long Blades    | 1 4 6 |  6.0
Dodging        | 3 5 7 |  7.1
Short Blades   | |  1.1

Action                     |  1- 3 |  4- 6 |  7- 9 | 10-12 || total
---------------------------+-------+-------+-------+-------++-------
  Melee: Dagger            |   104 |   127 |   267 |   149 ||   647
         Bite              |    11 |    10 |    39 |    32 ||    92
         Punch             |       |     1 |     3 |     1 ||     5
  Throw: Stone             |     2 |     3 |     4 |       ||     9
   Cast: Ensorcelled Hiber |    16 |     2 |     6 |       ||    24
         Confusing Touch   |     8 |    24 |    34 |    18 ||    84
         Tukima's Dance    |       |    12 |    28 |    18 ||    58
         Dazzling Flash    |       |     2 |    13 |    17 ||    32
         Animate Dead      |       |       |     3 |     4 ||     7
Ability: Exsanguinate      |     1 |       |       |       ||     1
         End Transformatio |       |       |     1 |       ||     1
         Bat Form          |       |       |     1 |       ||     1
    Use: Scroll            |       |     1 |     5 |     4 ||    10
   Stab: Sleeping          |    35 |    10 |    28 |     5 ||    78
         Confused          |     4 |     9 |    22 |    13 ||    48
         Invisible         |       |     1 |     5 |     6 ||    12
         Distracted        |       |       |     1 |       ||     1
 Armour: Robe              |    42 |    67 |   125 |    55 ||   289
         Skin              |       |       |     1 |       ||     1
  Dodge: Dodged            |    56 |    63 |   147 |    93 ||   359

Table legend: (Time is in decaauts)
 A = Elapsed time spent in this place.
 B = Non-inter-level travel time spent in this place.
 C = Inter-level travel time spent in this place.
 D = Time resting spent in this place.
 E = Time spent auto-exploring this place.
 F = Levels seen in this place.
 G = Mean time per level.
                   A        B        C        D        E       F      G
               +--------+--------+--------+--------+--------+-----+--------+
         Total |  12858 |  11980 |    878 |   2035 |   5876 |  10 | 1285.8 |
       Dungeon |  12834 |  11967 |    867 |   2035 |   5876 |   9 | 1426.0 |
        Temple |     24 |     13 |     11 |      0 |      0 |   1 |   24.0 |
               +--------+--------+--------+--------+--------+-----+--------+

Top non-repeatable levels by time:
     D:6: 2135 daAuts
     D:4: 1792 daAuts
     D:7: 1505 daAuts
     D:2: 1460 daAuts
     D:5: 1287 daAuts
     D:3: 1243 daAuts
     D:8: 1197 daAuts
     D:1: 1119 daAuts
     D:9: 1092 daAuts
  Temple: 24 daAuts
